Map: Romanticide LE

Players

MaxPax - Winner!

  • Race: Protoss Protoss

uThermal

  • Race: Terran Terran

Event: DreamHack SC2 Masters 2021 Fall

VOD

Have the link to the VOD?

Description

Time

  • Played on: Aug. 12, 2021, 9:29 a.m.
  • Length: 26:27

All games in this series

Show
View Real Time Build Order
Export as new Build Order

MaxPax Protoss - Winner!

Build Orders: 1 Gate Expand, Zealot Archon, Archon Drop, Dark Templar Rush 

Get SALT Encoding   

  12  0:00  Probe  
  13  0:12  Probe  
  14  0:17  Pylon  
  14  0:24  Probe  
  15  0:36  Probe (Chrono Boost)  
  15  0:38  Gateway  
  16  0:48  Assimilator, Probe (Chrono Boost)  
  17  0:52  Probe (Chrono Boost)  
  18  1:03  Probe  
  19  1:15  Probe  
  20  1:25  Cybernetics Core  
  20  1:35  Nexus  
  21  1:40  Probe  
  21  1:46  Pylon  
  21  1:52  Probe  
  21  1:54  Assimilator  
  22  2:01  Adept (Chrono Boost)  
  22  2:03  Warp Gate  
  22  2:07  Probe  
  25  2:19  Probe (Chrono Boost)  
  26  2:24  Adept  
  29  2:31  Probe (Chrono Boost)  
  29  2:34  Twilight Council  
  29  2:37  Probe (Chrono Boost)  
  30  2:46  Probe (Chrono Boost)  
  30  2:47  Robotics Facility  
  30  2:48  Probe (Chrono Boost)  
  33  3:00  Probe (Chrono Boost)  
  33  3:03  Probe (Chrono Boost)  
  34  3:06  Probe (Chrono Boost)  
  34  3:09  Gateway, Probe (Chrono Boost)  
  36  3:15  Probe  
  36  3:19  Dark Shrine  
  37  3:25  Shield Battery, Probe  
  38  3:28  Probe  
  39  3:34  Warp Prism (Chrono Boost)  
  39  3:38  Probe  
  42  3:44  Gateway  
  43  3:51  Stalker  
  44  3:59  Pylon  
  44  4:04  Stalker  
  44  4:07  Pylon  
  44  4:08  Probe  
  45  4:13  Probe  
  45  4:21  Probe  
  42  4:25  Probe  
  42  4:33  Probe  
  42  4:34  Dark Templar x2  
  42  4:37  Probe  
  48  4:45  Probe  
  49  4:50  Probe (Chrono Boost)  
  50  4:53  Assimilator  
  50  4:54  Assimilator  
  50  4:57  Probe (Chrono Boost)  
  51  5:02  Probe (Chrono Boost)  
  53  5:08  Probe (Chrono Boost)  
  53  5:09  Pylon  
  53  5:10  Probe (Chrono Boost)  
  53  5:11  Pylon, Archon  
  54  5:14  Nexus  
  54  5:17  Pylon  
  54  5:25  Charge  
  54  5:27  Probe x2  
  56  5:32  Dark Templar x2  
  60  5:36  Archon  
  60  5:39  Probe x2  
  60  5:42  Robotics Bay  
  62  5:51  Probe x2  
  64  5:57  Immortal (Chrono Boost)  
  64  6:02  Forge  
  64  6:04  Probe x2  
  70  6:11  Sentry, Zealot  
  72  6:12  Pylon  
  72  6:17  Pylon  
  74  6:27  Colossus (Chrono Boost), Probe  
  75  6:37  Protoss Ground Weapons Level 1 (Chrono Boost)  
  75  6:38  Probe  
  75  6:39  Probe  
  83  6:41  Probe  
  83  6:42  Sentry, Zealot x2  
  83  6:46  Extended Thermal Lance (Chrono Boost)  
  90  6:48  Photon Cannon  
  91  6:54  Probe x2  
  91  6:57  Probe  
  93  7:05  Pylon, Blink (Chrono Boost)  
  93  7:06  Probe x2  
  95  7:09  Pylon  
  95  7:10  Probe  
  96  7:18  Probe x2  
  96  7:21  Colossus (Chrono Boost)  
  96  7:22  Probe  
  95  7:30  Probe x2  
  95  7:34  Assimilator  
  95  7:35  Assimilator  
  95  7:37  Gateway, Probe  
  95  7:41  Gateway  
  96  7:45  Probe  
  96  7:46  Probe  
  96  7:47  Shield Battery  
  96  7:49  Stalker  
  100  7:53  Stalker x2  
  100  7:54  Probe  
  100  7:56  Pylon  
  105  8:01  Pylon  
  105  8:06  Shadow Stride  
  105  8:08  Gateway  
  105  8:09  Gateway  
  105  8:17  Stalker x3  
  111  8:22  Colossus (Chrono Boost)  
  111  8:26  Pylon  
  117  8:32  Photon Cannon  
  117  8:35  Gateway  
  117  8:38  Robotics Facility  
  117  8:45  Shield Battery  
  117  8:48  Pylon  
  117  8:55  Nexus  
  117  9:02  Zealot x3  
  120  9:05  Zealot x2  
  120  9:08  Disruptor (Chrono Boost)  
  127  9:11  Protoss Ground Weapons Level 2 (Chrono Boost)  
  127  9:15  Stalker x2  
  129  9:21  Shield Battery  
  129  9:22  Pylon  
  129  9:27  Stalker  
  129  9:28  Disruptor (Chrono Boost)  
  135  9:33  Observer (Chrono Boost)  
  132  9:55  Disruptor x2 (Chrono Boost)  
  123  10:05  Dark Templar x3  
  123  10:06  Dark Templar x2, Zealot x3  
  125  10:20  Probe x2  
  125  10:29  Probe  
  125  10:32  Assimilator, Probe x2  
  125  10:34  Pylon, Shield Battery  
  128  10:39  Stalker  
  128  10:40  Stalker x4  
  138  10:49  Pylon  
  133  10:50  Observer  
  133  10:55  Probe x3  
  137  10:57  Stalker x2  
  137  10:58  Stalker  
  143  11:11  Probe  
  143  11:13  Pylon  
  143  11:14  Nexus  
  143  11:16  Stalker x2  
  148  11:18  Probe  
  148  11:23  Pylon  
  148  11:25  Pylon, Observer  
  149  11:29  Pylon  
  149  11:30  Pylon  
  149  11:31  Probe x3  
  152  11:33  Shield Battery  
  152  11:35  Photon Cannon  
  152  11:43  Dark Templar x3  
  158  11:48  Dark Templar x2  
  162  11:54  Probe  
  162  11:56  Disruptor  
  162  11:59  Photon Cannon  
  166  12:03  Disruptor  
  159  12:17  Observer  
  159  12:18  Stalker x3  
  159  12:19  Stalker  
  159  12:20  Probe x2  
  167  12:24  Pylon  
  167  12:31  Disruptor  
  168  12:49  Dark Templar x3  
  174  13:02  Assimilator  
  174  13:04  Assimilator  
  174  13:06  Pylon  
  174  13:08  Zealot x5  
  174  13:09  Photon Cannon  
  174  13:10  Disruptor  
  187  13:16  Disruptor  
  187  13:19  Observer  
  183  13:26  Stalker x3  
  177  13:36  Stalker x5  
  179  13:55  Nexus  
  179  13:57  Pylon  
  179  14:00  Stalker x8  
  144  14:29  Zealot x6  
  144  14:30  Zealot x2  
  154  14:31  Probe x2  
  154  14:35  Immortal  
  160  14:51  Dark Templar x8  
  124  15:23  Dark Templar x7, Observer  
  138  15:29  Probe  
  138  15:30  Probe  
  140  15:37  Robotics Facility  
  140  15:39  Robotics Facility  
  140  15:48  Nexus  
  140  15:49  Pylon  
  140  15:53  Probe x2  
  141  15:57  Dark Templar x3  
  141  15:58  Zealot x4  
  141  16:03  Nexus  
  153  16:06  Pylon  
  153  16:09  Observer  
  147  16:20  Zealot x2  
  147  16:21  Zealot x2  
  155  16:29  Immortal (Chrono Boost)  
  159  16:37  Zealot x3  
  159  16:39  Observer (Chrono Boost)  
  163  16:47  Stalker  
  163  16:48  Stalker x3  
  163  16:49  Pylon  
  163  16:52  Gateway  
  163  16:53  Gateway  
  171  17:03  Dark Templar x2  
  171  17:04  Dark Templar  
  130  17:29  Stalker x4  
  120  17:33  Colossus x2 (Chrono Boost)  
  130  17:40  Unknown  
  130  17:43  Stalker x3  
  136  17:44  Protoss Ground Weapons Level 3 (Chrono Boost)  
  136  17:45  Photon Cannon  
  136  17:47  Shield Battery  
  136  17:48  Photon Cannon, Stalker  
  138  17:52  Photon Cannon  
  138  18:04  Pylon  
  135  18:18  Stalker x6  
  135  18:19  Stalker x2  
  156  18:33  Colossus (Chrono Boost)  
  154  18:37  Colossus (Chrono Boost)  
  146  18:59  Nexus  
  146  19:00  Pylon  
  146  19:08  Zealot x9  
  162  19:24  Probe  
  161  19:26  Pylon  
  159  19:47  Dark Templar x9  
  176  19:57  Disruptor x2  
  182  20:00  Nexus  
  182  20:03  Pylon  
  162  20:29  Stalker x5  
  162  20:30  Stalker x4  
  154  20:48  Disruptor (Chrono Boost)  
  154  20:49  Observer (Chrono Boost)  
  154  20:52  Photon Cannon  
  154  20:55  Photon Cannon  
  154  20:56  Pylon, Stalker x4  
  154  20:57  Stalker x4  
  166  21:02  Stalker  
  170  21:22  Dark Templar x4  
  170  21:24  Zealot x4  
  186  21:27  Dark Templar  
  181  21:40  Probe x3  
  181  21:41  Probe x2  
  181  21:46  Dark Templar x2  
  187  21:47  Zealot x2  
  189  22:01  Dark Templar x2  
  193  22:02  Zealot x3  
  173  22:20  Zealot x2  
  173  22:21  Zealot x2  
  167  22:38  Stalker x5  
  167  22:41  Assimilator  
  167  22:42  Assimilator, Pylon  
  175  22:51  Dark Templar x2  
  177  23:00  Zealot x2  
  181  23:17  Zealot x5  
  189  23:30  Stalker x4  
  175  24:05  Zealot  
  175  24:06  Zealot x7  
  117  24:22  Stalker  
  117  24:23  Colossus (Chrono Boost)  
  103  24:27  Colossus (Chrono Boost)  
  103  24:30  Gateway  
  113  24:32  Gateway  
  111  24:38  Stalker x2  
  111  24:39  Stalker x6  
  125  25:01  Nexus  
  125  25:02  Colossus (Chrono Boost), Zealot x4  
  125  25:03  Pylon, Zealot x4  
  99  25:31  Zealot x2  
  99  25:32  Zealot x5  
  99  25:33  Zealot x3  
  110  25:39  Pylon  
  110  25:42  Colossus (Chrono Boost)  
  109  25:43  Probe x2  
  109  25:45  Pylon  
  117  25:53  Probe  
  117  25:54  Probe x3  
  119  26:01  Stalker x4  
  121  26:08  Sentry, Stalker  
  125  26:18  Dark Templar  
Show
View Real Time Build Order
Export as new Build Order

uThermal Terran 

Build Orders:  

Get SALT Encoding   

  12  0:00  SCV  
  13  0:12  SCV  
  14  0:16  Supply Depot  
  14  0:24  SCV  
  15  0:38  SCV  
  15  0:39  Barracks  
  15  0:42  Refinery  
  16  0:50  SCV  
  17  1:02  SCV  
  18  1:14  SCV  
  19  1:28  Marine, Orbital Command  
  20  1:45  Command Center  
  20  1:54  SCV  
  20  1:56  Factory  
  21  2:01  Barracks Reactor  
  21  2:06  SCV  
  22  2:11  Supply Depot  
  22  2:18  SCV  
  23  2:25  Refinery  
  23  2:33  SCV  
  24  2:41  Starport  
  24  2:45  SCV  
  24  2:46  Hellion x2  
  24  2:47  Marine  
  30  2:57  SCV  
  30  2:58  Orbital Command  
  31  3:08  Hellion  
  31  3:09  Hellion  
  31  3:11  SCV  
  36  3:17  Barracks Tech Lab  
  36  3:18  Medivac  
  38  3:23  SCV x2  
  40  3:31  Supply Depot  
  40  3:35  SCV  
  40  3:39  SCV  
  40  3:40  Marine x2  
  44  3:47  SCV  
  45  3:51  Supply Depot  
  45  3:53  SCV, Siege Tank  
  49  3:58  Marine x2  
  49  3:59  SCV  
  52  4:05  SCV  
  51  4:12  SCV  
  51  4:13  Engineering Bay  
  51  4:16  Marine x2  
  54  4:21  SCV  
  53  4:25  Siege Tank  
  53  4:30  Bunker, SCV  
  53  4:31  Supply Depot  
  51  4:34  Marine x2  
  51  4:36  SCV  
  54  4:40  Missile Turret  
  54  4:42  SCV, Missile Turret  
  55  4:49  SCV  
  55  4:51  Bunker  
  55  4:52  Marine x2  
  54  4:54  SCV  
  56  5:03  SCV  
  56  5:04  Barracks  
  56  5:06  Factory Tech Lab  
  57  5:08  Barracks  
  57  5:10  Marine  
  57  5:11  SCV  
  57  5:13  Marine  
  60  5:15  SCV  
  60  5:18  Terran Infantry Weapons Level 1  
  61  5:23  SCV  
  61  5:28  SCV  
  62  5:29  Marine  
  62  5:31  Marine  
  64  5:36  Supply Depot, Starport Reactor  
  64  5:38  SCV  
  64  5:41  Factory Reactor  
  65  5:47  Marine  
  65  5:49  Marine  
  67  5:50  Command Center  
  64  5:57  Stimpack  
  64  5:58  Marauder  
  64  6:01  Refinery  
  64  6:03  Refinery, SCV  
  67  6:06  Missile Turret  
  67  6:08  Marine x2  
  67  6:09  Missile Turret  
  67  6:10  Combat Shield, Marauder  
  71  6:13  SCV  
  71  6:14  Supply Depot  
  71  6:16  SCV  
  72  6:22  Marine  
  72  6:25  SCV  
  72  6:28  SCV  
  72  6:32  Marauder  
  71  6:36  Marine  
  71  6:37  SCV  
  71  6:38  Widow Mine x2, Medivac x2  
  78  6:45  SCV, Marauder  
  81  6:49  Marine, Barracks  
  81  6:50  Supply Depot, Barracks  
  81  6:51  SCV  
  81  6:52  Marine  
  84  6:58  SCV  
  85  7:02  Widow Mine x2  
  85  7:03  SCV  
  85  7:05  Marine  
  85  7:07  Marauder  
  93  7:09  Medivac  
  93  7:10  SCV, Medivac  
  93  7:15  Supply Depot  
  98  7:19  SCV  
  99  7:24  Marine  
  99  7:25  SCV, Marauder  
  99  7:27  Terran Infantry Armor Level 1  
  99  7:29  Widow Mine  
  105  7:33  Orbital Command  
  105  7:35  SCV  
  106  7:38  Barracks Reactor, Barracks Tech Lab  
  106  7:41  Marine  
  106  7:42  Marauder  
  109  7:44  Marine  
  109  7:46  Marauder  
  109  7:49  SCV x2  
  116  7:51  Widow Mine  
  116  7:54  Supply Depot  
  116  7:56  Supply Depot  
  116  7:58  Marine  
  116  8:02  Concussive Shells  
  117  8:07  Supply Depot  
  117  8:15  Marine x4, SCV x2, Medivac  
  117  8:17  Marine, SCV, Medivac  
  117  8:18  Widow Mine  
  131  8:21  Marine  
  131  8:22  Bunker  
  131  8:23  Marine  
  132  8:27  SCV  
  132  8:29  SCV  
  132  8:31  Supply Depot  
  132  8:32  SCV  
  132  8:33  Marine x3, Marauder  
  140  8:37  Armory  
  140  8:40  Marine  
  141  8:41  Supply Depot  
  141  8:42  Engineering Bay  
  141  8:50  Supply Depot  
  141  8:53  Marine x2, SCV, Medivac  
  148  8:56  Refinery, SCV  
  148  9:02  Marine x2  
  149  9:03  Marauder x2  
  149  9:07  SCV  
  149  9:09  Command Center  
  154  9:13  SCV, Ghost Academy  
  155  9:24  Widow Mine x2  
  159  9:25  Viking  
  159  9:26  Viking  
  159  9:28  Supply Depot x2  
  159  9:30  Terran Infantry Weapons Level 2  
  163  9:36  Terran Infantry Armor Level 2  
  163  9:42  Marine  
  163  9:44  Marine  
  165  9:45  Marauder  
  165  9:47  Marauder  
  165  9:49  Marine, Marauder  
  165  9:54  Marine  
  164  10:02  Viking  
  164  10:04  Marine  
  164  10:07  Marauder  
  166  10:09  Marauder  
  166  10:11  Marauder  
  166  10:12  Marine, Supply Depot  
  168  10:15  Viking  
  159  10:23  Marine x2, Sensor Tower  
  159  10:25  Enhanced Shockwaves  
  159  10:26  SCV  
  159  10:28  Marauder, Missile Turret  
  162  10:29  SCV  
  162  10:30  SCV, Marauder  
  162  10:32  Marauder  
  162  10:34  Viking  
  170  10:38  SCV, Missile Turret  
  170  10:40  Marine x2  
  170  10:42  SCV x2  
  175  10:47  Viking  
  175  10:49  Ghost  
  179  10:52  Ghost  
  179  10:56  SCV  
  176  10:59  Planetary Fortress  
  176  11:04  Viking  
  176  11:06  Marine x2  
  176  11:09  Ghost  
  181  11:18  Barracks  
  181  11:19  Barracks, Ghost  
  181  11:21  Barracks, Ghost  
  181  11:24  Viking  
  187  11:28  Refinery x2  
  187  11:29  Marine, Terran Ship Weapons Level 1  
  188  11:37  Supply Depot, Ghost  
  188  11:38  Supply Depot  
  190  11:50  Viking  
  190  11:51  Ghost  
  194  11:56  Ghost  
  196  12:06  Ghost  
  196  12:07  Barracks Tech Lab  
  196  12:09  SCV  
  196  12:17  SCV  
  196  12:18  SCV  
  196  12:21  Command Center x2  
  200  12:23  Barracks Reactor, Barracks Tech Lab  
  200  12:26  Command Center  
  200  12:28  Command Center  
  200  12:32  Medivac x2  
  200  12:33  Ghost  
  195  12:37  Ghost  
  193  12:44  Ghost  
  193  12:47  Bunker  
  193  12:49  Supply Depot  
  193  12:51  Ghost  
  197  12:59  Ghost  
  197  13:00  Refinery  
  199  13:09  Ghost  
  199  13:18  Ghost  
  199  13:19  Ghost  
  199  13:35  Terran Infantry Weapons Level 3  
  199  13:39  Orbital Command  
  199  13:40  Orbital Command  
  197  13:55  Missile Turret  
  197  14:03  Ghost  
  197  14:04  Marine  
  185  14:23  Marine  
  185  14:24  Marauder  
  176  14:26  Marine, Marauder  
  176  14:27  Viking x2  
  176  14:28  Marine  
  176  14:29  Marine x2, Marauder x2  
  176  14:30  Marine, Terran Infantry Armor Level 3  
  175  14:33  Marauder  
  177  14:41  Marine  
  177  14:44  Marine  
  177  14:45  Marauder  
  177  14:46  Marine  
  177  14:47  Marine x2  
  177  14:48  Marauder  
  177  14:50  Marauder  
  177  14:51  Marauder  
  185  14:53  Marine  
  185  14:54  Marauder  
  185  14:57  Medivac  
  185  14:59  Marine  
  189  15:01  Marine  
  189  15:06  Marine, Marauder  
  175  15:08  Marine  
  175  15:09  Marine, Marauder  
  175  15:11  Marine, Marauder  
  175  15:12  Marauder  
  175  15:13  Medivac  
  177  15:16  Marauder  
  177  15:18  Marine  
  172  15:26  Marine x2  
  172  15:27  Medivac  
  172  15:28  Marauder  
  178  15:29  SCV  
  178  15:31  Marauder  
  178  15:32  Marine  
  178  15:33  SCV, Marauder x2  
  178  15:35  Marine, Command Center  
  188  15:37  Marauder  
  190  15:43  Marine, Medivac  
  190  15:44  Marine  
  190  15:49  Marine, Marauder  
  196  15:50  Marine, SCV  
  196  15:56  Orbital Command  
  199  15:59  Marine  
  199  16:05  Marine  
  195  16:12  Neosteel Armor  
  195  16:14  Marine  
  195  16:15  Marine, Medivac, Marauder x2  
  195  16:16  Medivac  
  195  16:17  Marine, Marauder x2  
  200  16:42  Missile Turret  
  200  16:55  Command Center x2  
  137  17:22  Marine  
  137  17:23  Marauder  
  137  17:24  Marine, Marauder  
  137  17:26  Marine, Marauder  
  137  17:28  Marine  
  137  17:29  Marine, Medivac, Marauder x2  
  147  17:32  Marine, Medivac  
  150  17:40  Marine, Missile Turret  
  150  17:41  Marine  
  150  17:42  Sensor Tower  
  150  17:44  Marine, SCV, Barracks, Marauder  
  152  17:45  Barracks  
  152  17:46  Marine x2, Marauder  
  152  17:48  Marauder  
  152  17:50  Marine, Marauder  
  152  17:51  Marauder  
  167  17:58  Marine  
  167  17:59  Marine, Barracks  
  167  18:02  Marine  
  167  18:04  Marine x2  
  172  18:06  Marauder  
  172  18:07  Marine, Marauder  
  172  18:09  Marauder  
  172  18:12  Marauder x2  
  183  18:16  Marine  
  183  18:17  Marine  
  183  18:18  Missile Turret  
  183  18:19  Marine  
  185  18:21  Planetary Fortress  
  185  18:22  Marine  
  185  18:24  Marine  
  185  18:26  Ghost  
  188  18:27  Marine  
  188  18:28  Marauder, Missile Turret  
  188  18:31  Marauder  
  188  18:33  Marauder x2  
  188  18:34  Marine  
  193  18:38  Marine  
  186  18:42  Medivac x2  
  186  18:45  Marine x2  
  192  18:48  Barracks Tech Lab x2  
  192  18:49  Barracks Tech Lab  
  192  18:50  Marauder  
  192  18:52  Marauder  
  192  18:55  Marauder x2  
  200  18:58  Ghost  
  200  19:00  Orbital Command  
  197  19:09  Ghost  
  195  19:10  Ghost  
  195  19:13  Viking x2, Ghost  
  195  19:15  Ghost x2  
  196  19:17  Ghost  
  196  19:22  Ghost  
  198  19:26  Sensor Tower, Ghost  
  199  19:42  Viking  
  200  19:54  Ghost  
  200  19:55  Ghost  
  198  20:02  Ghost  
  198  20:05  Ghost  
  200  20:07  Planetary Fortress  
  200  20:10  Ghost  
  199  20:27  Viking x2  
  180  20:35  Ghost  
  180  20:41  Ghost  
  182  20:45  Ghost x2  
  182  20:47  Marine, Marauder  
  182  20:48  Marine x2, Marauder  
  186  20:51  Marine x2, SCV x2  
  186  20:52  Refinery, Marauder  
  186  20:53  Ghost  
  194  21:00  Viking  
  194  21:04  Ghost  
  196  21:05  SCV x2  
  196  21:11  Missile Turret  
  200  21:18  Ghost, Missile Turret  
  198  21:27  Refinery  
  198  21:28  Refinery, Sensor Tower  
  198  21:39  Ghost  
  193  21:44  Marine x3, Marauder x2  
  193  21:45  SCV  
  186  21:56  Marine, Marauder  
  186  21:57  Viking  
  186  22:01  Marine, Marauder  
  191  22:02  Refinery  
  191  22:03  Ghost  
  168  22:16  Marine  
  168  22:17  Marine x2, Marauder x2  
  168  22:18  Marine x2, Marauder x3  
  168  22:20  Marine, Marauder  
  168  22:22  Marine  
  177  22:29  Medivac  
  176  22:32  Marauder  
  176  22:34  Marine  
  176  22:35  Marine x3  
  176  22:36  SCV x3  
  176  22:38  Marauder  
  176  22:39  Marauder x2  
  176  22:43  Marine, Marauder  
  185  22:46  Marine, Marauder  
  185  22:49  Marine, Marauder  
  187  22:52  Marine  
  187  22:54  Marauder  
  188  22:59  Marine  
  188  23:00  Marine, Marauder x2  
  193  23:08  Marine, Marauder  
  193  23:12  Marine x2, Marauder  
  194  23:13  Marauder  
  192  23:25  Marauder x3  
  190  23:29  Medivac  
  190  23:33  Medivac  
  187  23:37  Marine  
  187  23:38  Marine  
  183  23:52  Marine  
  183  23:53  Marine, Marauder  
  183  23:54  Marauder  
  183  24:02  Marine x2  
  156  24:03  Marauder x2  
  156  24:04  Marine  
  115  24:18  Marine x2, Marauder x2  
  107  24:26  Marine, Marauder  
  107  24:28  Marine  
  107  24:29  Marauder  
  111  24:33  Medivac  
  111  24:36  Marine  
  114  24:39  Marine  
  114  24:43  Marine  
  114  24:44  Marauder  
  118  24:49  Marine x2  
  120  24:56  Marauder  
  121  25:00  Orbital Command  
  121  25:02  Marauder  
  121  25:06  Marine  
  120  25:21  Marine, Marauder  
  95  25:25  Marine  
  83  25:28  Marine  
  83  25:32  Marine  
  83  25:34  Marine  
  76  25:39  Marine  
  76  25:40  Marine  
  75  25:44  Marine, Marauder, Missile Turret  
  73  25:55  Marine  
  73  25:56  Marauder  
  76  25:58  Marine  
  76  25:59  Marine, Marauder  
  80  26:04  Marine  
  80  26:05  Marine  
  80  26:06  SCV  
  80  26:08  Marine  
  80  26:11  SCV  
  85  26:14  SCV  
  85  26:15  SCV  

Tags
 
Add a new tag
Caveats
  • Supply blocks, unpowered buildings, or Contaminate may cause inaccurate times.
  • Supply counts are checked every 10 seconds.